 Dungeon Crawl Stone Soup version 0.18.1-8-gdd0e5ea (webtiles) character file.

76 Scarto the Skirmisher (level 4, -2/36 HPs)
             Began as a Demonspawn Fighter on May 23, 2016.
             Slain by Scarto's ghost (3 damage)
             ... on level 3 of the Dungeon.
             The game lasted 00:03:08 (1584 turns).

Scarto the Skirmisher (Demonspawn Fighter)          Turns: 1584, Time: 00:03:09

Health: -2/36      AC:  9    Str: 17    XL:     4   Next: 12%
Magic:  4/4        EV:  6    Int: 10    God:
Gold:   137        SH:  8    Dex: 12    Spells: 0 memorised, 3 levels left

rFire  . . .     SeeInvis .     a - +0 war axe
rCold  . . .     Gourm    .     b - +0 scale mail
rNeg   . . .     Faith    .     c - +0 shield
rPois  .         Spirit   .     (no helmet)
rElec  .         Dismiss  .     (no cloak)
rCorr  .         Reflect  .     (no gloves)
SustAt +         Harm     .     (no boots)
MR     .....                    (no amulet)
Stlth  +.........               j - ring of sustain attributes
                                e - ring of stealth

@: not resistant to hostile enchantments, very unstealthy
A: molten scales 2
a: no special abilities


You were on level 3 of the Dungeon.
You were very full.

You visited 1 branch of the dungeon, and saw 3 of its levels.

You collected 137 gold pieces.

Inventory:

Hand Weapons
 a - a +0 war axe (weapon)
Armour
 b - a +0 scale mail (worn)
 c - a +0 shield (worn)
Jewellery
 e - a ring of stealth (left hand)
 h - an uncursed ring of stealth
 j - a ring of sustain attributes (right hand)
Potions
 d - a potion of might
 m - a potion of mutation {unknown}
Comestibles
 f - 3 bread rations
 g - 3 meat rations


   Skills:
 + Level 3.6 Fighting
 + Level 2.6 Axes
 + Level 3.3 Armour
 + Level 2.9 Shields


You had 3 spell levels left.
You didn't know any spells.

Dungeon Overview and Level Annotations

Branches:
Dungeon (3/15)

Altars:

Annotations:
D:3 Scarto's ghost, amateur DsFi


Innate Abilities, Weirdness & Mutations

You are mostly covered in molten scales (AC +3, EV -1).


Message History

* * * LOW HITPOINT WARNING * * *
Scarto's ghost hits you.
* * * LOW HITPOINT WARNING * * *
You hit Scarto's ghost.
Scarto's ghost is heavily damaged.
Scarto's ghost hits you but does no damage.
You hit Scarto's ghost.
Scarto's ghost is heavily damaged.
Scarto's ghost closely misses you.
You slash Scarto's ghost!
Scarto's ghost is severely damaged.
Scarto's ghost barely misses you. Scarto's ghost hits you.
* * * LOW HITPOINT WARNING * * *
You hit Scarto's ghost.
Scarto's ghost is severely damaged.
Scarto's ghost closely misses you.
Your shield and scale mail prevent you from hitting Scarto's ghost.
Scarto's ghost is severely damaged.
Scarto's ghost hits you.
You die...

#.# ****,**** **,** #.# *,* *,*
######.# *,* *,* #......#
**,******* **+** #.######
*,*,,,,,,* **,,,** #.###
**,**#**,***,,,,,* *##.#.##
***!##*,**,,,,,,,
##.....###########...##.*,,,,,,,,
+...............@W......+,,,,,,,,
##.#....##########...##.*,,,,,,,,
*#.#..#.# **.##*,**,,,,,,,
#.#.##.# **#*,,,**,,,,,* #...##.#
*,,,,,**,,,** ######.#
*,,,,****+** #.# *****,*,** *,*
#.# *,,,,,,,,* *,* *,* *,***,**,*
**,**


You could see Scarto's ghost.

Vanquished Creatures
  An adder (D:3)
  2 oozes (D:2)
  2 worms (D:2)
  2 giant geckos
  2 giant cockroaches (D:1)
  10 goblins
  4 hobgoblins
  4 jackals (D:2)
  3 quokkas (D:2)
  3 bats (D:1)
  2 giant newts (D:2)
  7 kobolds
  5 rats
47 creatures vanquished.

Notes
Turn   | Place    | Note
--------------------------------------------------------------
     0 | D:1      | Scarto the Demonspawn Fighter began the quest for the Orb.
     0 | D:1      | Reached XP level 1. HP: 18/18 MP: 1/1
   226 | D:1      | Gained mutation: You are partially covered in molten scales (AC +1). [demonic ancestry]
   226 | D:1      | Reached XP level 2. HP: 23/24 MP: 2/2
   756 | D:2      | Gained mutation: You are mostly covered in molten scales (AC +3, EV -1). [demonic ancestry]
   756 | D:2      | Reached XP level 3. HP: 29/29 MP: 3/3
  1350 | D:3      | Reached XP level 4. HP: 16/36 MP: 4/4
  1570 | D:3      | Noticed Scarto's ghost (amateur DsFi)
  1582 | D:3      | HP: 1/36 [Scarto's ghost (3)]
  1584 | D:3      | Slain by Scarto's ghost

Skill      XL: |  1  2 |
---------------+-------+-----
Axes           | 2 |  2.6
Armour         | 3 |  3.3
Fighting       | |  3.6
Shields        | |  2.9

Action                   |  1- 3 |  4- 6 || total
-------------------------+-------+-------++-------
Melee: War axe           |   170 |    12 ||   182
  Use: Scroll            |     5 |       ||     5
       Potion            |     1 |       ||     1
  Eat: Bread ration      |       |     2 ||     2
Armor: Scale mail        |    85 |     3 ||    88
Dodge: Dodged            |    49 |     4 ||    53
Block: Shield            |    91 |     2 ||    93
